 Dungeon Crawl Stone Soup version 0.29.1-13-g9f3cf754e1 (webtiles) character file.

Game seed: 2886067711507291230

5944 pilgrim the Nimble (level 10, 0/64 HPs)
             Began as a Tengu Air Elementalist on Feb 10, 2023.
             Was a Believer of Qazlal.
             Succumbed to barbed spike wounds
             ... on level 9 of the Dungeon on Feb 11, 2023.
             The game lasted 00:33:30 (16053 turns).

pilgrim the Nimble (Tengu Air Elementalist)        Turns: 16053, Time: 00:33:30

Health: 0/64       AC:  6    Str:  9    XL:     10   Next: 83%
Magic:  7/7        EV: 20    Int: 27    God:    Qazlal [**....]
Gold:   594        SH:  8    Dex: 16    Spells: 15/25 levels left

rFire   . . .      SeeInvis .   z - +3 dagger (antimagic)
rCold   + . .      Faith    .   (no shield)
rNeg    + . .      Spirit   .   i - +0 robe {Will+}
rPois   .          Reflect  +   (helmet restricted)
rElec   .          Harm     +   (no cloak)
rCorr   .          Rampage  .   w - +3 pair of gloves of the Mantidfly {Harm rC+ rN+ Int+3}
Will    +....                   (boots unavailable)
Stlth   ++........              n - amulet of reflection
HPRegen 0.20/turn               e - +6 ring of intelligence
MPRegen 0.10/turn               (no ring)

@: spiked, flying quickly and evasively, quick
A: beak, talons 3, nimble flight
a: Renounce Religion, Upheaval


You were on level 9 of the Dungeon.
You worshipped Qazlal.
Qazlal was pleased with you.
You visited 3 branches of the dungeon, and saw 11 of its levels.

You collected 594 gold pieces.

Inventory:

Hand Weapons
 a - a +3 dagger
 d - a +1 dagger
 z - a +3 antimagic dagger (weapon)
Armour
 i - a +0 robe of willpower (worn)
 w - the +3 pair of gloves of the Mantidfly (worn) {Harm rC+ rN+ Int+3}
   (You found it on level 6 of the Dungeon)

   Int:       It affects your intelligence (+3).
   rC:        It protects you from cold.
   rN:        It protects you from negative energy.
   Harm:      It increases damage dealt and taken.
Jewellery
 e - a +6 ring of intelligence (left hand)
 n - an amulet of reflection (around neck)
Wands
 c - a wand of polymorph (13)
 p - a wand of roots (6)
 q - a wand of flame (6)
 x - a wand of charming (2)
Scrolls
 k - a scroll of enchant weapon
 y - a scroll of poison
Potions
 f - a potion of brilliance
 h - a potion of cancellation
 j - a potion of magic
 l - a potion of heal wounds
 m - 2 potions of attraction
 r - a potion of haste
 s - 2 potions of curing


   Skills:
 + Level 8.0 Fighting
 + Level 9.1 Dodging
 - Level 2.0 Stealth
 + Level 8.3 Spellcasting
 - Level 4.0 Conjurations
 - Level 4.1 Air Magic
 + Level 5.4 Invocations


You had 15 spell levels left.
You knew the following spells:

 Your Spells              Type           Power      Damage    Failure   Level
a - Shock                 Conj/Air       100%       1d9       1%          1
b - Static Discharge      Conj/Air       33%        3-8/arc   1%          2
c - Airstrike             Air            16%        2d(3-19)  9%          4
d - Swiftness             Air            33%        N/A       2%          3

Your spell library contained the following spells:

 Spells                   Type           Power      Damage    Failure   Level
 Slow                     Hex            44%        N/A       4%          1
 Mephitic Cloud           Conj/Pois/Air  26%        N/A       4%          3
 Sublimation of Blood     Necr           11%        N/A       8%          2
 Wereblood                Tmut           11%        N/A       8%          2
 Confusing Touch          Hex            11%        N/A       16%         3
 Ignite Poison            Fire/Tmut/Pois 11%        N/A       16%         3
 Vampiric Draining        Necr           11%        2d6       16%         3
 Freezing Cloud           Conj/Ice/Air   13%        6-21      43%         5
 Summon Hydra             Summ           5%         N/A       100%        7


Dungeon Overview and Level Annotations

Branches:
Dungeon (9/15)             Temple (1/1) D:6             Orc (1/2) D:9
   Lair: D:8-11

Altars:
Ashenzari
Dithmenos
Elyvilon
Gozag
Kikubaaqudgha
Makhleb
Nemelex Xobeh
Qazlal
Ru
Sif Muna
Trog
Uskayaw
Vehumet
Wu Jian
Xom
Yredelemnul
Zin
The Shining One

Annotations:
D:3 2 runed translucent doors, bananaglory's ghost, amateur MfGl
D:7 exclusion: yak


Innate Abilities, Weirdness & Mutations

You have a beak for a mouth.
You have claws for feet.
Your magical nature lets you fly swiftly and evasively.


Message History

The deep elf pyromancer gestures at you while chanting.
The bolt of fire hits you!!
There is a stone staircase leading up, spattered with blood here.
Casting: Shock (safe; 1% risk of failure)
Confirm with . or Enter, or press ? or * to list all spells.
The deep elf pyromancer is struck by an arc of lightning!
The deep elf pyromancer is moderately wounded.
You are struck by an arc of lightning.
The deep elf pyromancer is struck by an arc of lightning!
The deep elf pyromancer is heavily wounded.
You are struck by an arc of lightning.
The lightning grounds out.
The deep elf pyromancer mumbles some strange words.
The deep elf pyromancer blinks!
Casting: Static Discharge (safe; 1% risk of failure)
Confirm with . or Enter, or press ? or * to list all spells.
Aiming: Airstrike (dangerous; 10% risk of failure)
Press: ? - help, Dir - move target, f - deep elf pyromancer
Aim: a deep elf pyromancer, wielding a +0 long sword and wearing a +0 chain mail (heavily wounded, empty space bonus: 8/8)
The air twists around and strikes the deep elf pyromancer!!
You kill the deep elf pyromancer!
Qazlal accepts your kill.
Your Fighting skill increases to level 8!
You start resting.
Magic restored.
Items here: )) [[.
A manticore comes into view.
The manticore flicks its tail.
The volley of spikes hits you!
The barbed spikes become lodged in your body.
The barbs in your skin will harm you if you move.
Continue?
The barbed spikes dig painfully into your body as you move.
The manticore flicks its tail.
The volley of spikes hits you!!
The barbed spikes become lodged in your body.
* * * LOW HITPOINT WARNING * * *
Blink to where?
Press: ? - help, Dir - move target
As you read the scroll of blinking, it crumbles to dust.
The barbed spikes dig painfully into your body as you move.
You die...

.........#........#..............
.........#........#..............
.........#........#..............
.........#........#...[..........
.........#........#..............
....#....#........#..............
....######........#......#.......
.........#...............########
.........#......@........#,,,,,,,
....H....#..).[§.........#B......
.........#...............#○...?..
......)..#........#......#○......
....#....#°..#...........#.°.....
>...#.....[..#...........#.°.....
....#...)....#...........#..°....
....#..>.....#...........#...°...
....#...[....#................°..


There were no monsters in sight!

Vanquished Creatures
  A deep elf pyromancer (D:9)
  A cyclops (D:9)
  A meliai (D:9)
  A hornet (D:8)
  2 trolls (D:9)
  A basilisk (D:8)
  A vampire mosquito (D:8)
  Edmund (D:4)
  A water moccasin (D:5)
  2 ice beasts
  A black bear (D:5)
  2 centaurs
  2 kobold brigands (D:8)
  2 bullfrogs
  2 gnoll sergeants
  3 scorpions
  4 necrophages
  17 wights
  19 killer bees (D:8)
  3 howler monkeys (D:7)
  A gnoll bouda (D:8)
  6 orc priests
  A hound (D:5)
  Jessica (D:3)
  6 orc wizards
  Natasha (thrice) (D:3)
  14 gnolls
  6 adders
  A white imp (D:7)
  2 worms
  A dart slug (D:1)
  20 orcs
  6 endoplasms
  6 goblins
  5 hobgoblins
  5 jackals
  15 kobolds
  3 quokkas
  6 ball pythons
  10 bats
  2 frilled lizards (D:1)
  6 rats
193 creatures vanquished.

Notes
Turn   | Place    | Note
-------+----------+-------------------------------------------
     0 | D:1      | pilgrim the Tengu Air Elementalist began the quest for the
                  | Orb.
     0 | D:1      | Reached XP level 1. HP: 10/10 MP: 4/4
   204 | D:1      | Reached XP level 2. HP: 16/16 MP: 0/6
   398 | D:1      | Reached skill level 1 in Fighting
   621 | D:1      | Reached XP level 3. HP: 20/20 MP: 5/7
   653 | D:1      | Found a faded altar of an unknown god.
  2215 | D:3      | Reached skill level 3 in Dodging
  2215 | D:3      | Reached XP level 4. HP: 26/26 MP: 3/9
  2350 | D:3      | Noticed Natasha
  2357 | D:3      | Killed Natasha
  2358 | D:3      | Gained mutation: Your magical nature lets you fly swiftly
                  | and evasively. [Tengu growth]
  2358 | D:3      | Reached XP level 5. HP: 30/30 MP: 0/10
  2649 | D:3      | Noticed Natasha
  2656 | D:3      | Killed Natasha
  2718 | D:3      | Noticed Jessica
  2725 | D:3      | Killed Jessica
  2811 | D:3      | Found a large runed translucent door.
  2811 | D:3      | Found a large runed translucent door.
  2928 | D:3      | Noticed Natasha
  2933 | D:3      | Killed Natasha
  2934 | D:3      | Reached XP level 6. HP: 36/36 MP: 5/11
  3048 | D:3      | Noticed bananaglory's ghost (amateur MfGl)
  3409 | D:4      | Found a broken altar of Ashenzari.
  3704 | D:4      | Reached skill level 4 in Dodging
  3957 | D:4      | Found a basalt altar of Yredelemnul.
  4141 | D:4      | Noticed Edmund
  4391 | D:5      | Entered Level 5 of the Dungeon
  4435 | D:5      | Reached XP level 7. HP: 41/41 MP: 9/13
  4834 | D:5      | Reached skill level 5 in Dodging
  4849 | D:5      | Learned a level 2 spell: Static Discharge
  5448 | D:5      | Reached XP level 8. HP: 41/48 MP: 10/16
  6039 | D:6      | Reached skill level 6 in Dodging
  6039 | D:6      | Reached skill level 5 in Spellcasting
  6255 | D:6      | Reached skill level 5 in Fighting
  6390 | D:6      | Found a staircase to the Ecumenical Temple.
  6397 | Temple   | Entered the Ecumenical Temple
  6560 | Temple   | Became a worshipper of Qazlal Stormbringer
  6793 | D:6      | Identified the +3 pair of gloves of the Mantidfly {Harm rC+
                  | rN+ Int+3}
  7103 | D:4      | Killed Edmund
  7104 | D:4      | Reached skill level 1 in Invocations
  7511 | D:7      | Noticed a yak
  8647 | D:8      | Reached XP level 9. HP: 46/55 MP: 1/18
  8753 | D:8      | Reached skill level 7 in Dodging
  8884 | D:8      | Noticed a hornet
  8897 | D:8      | Reached * piety under Qazlal
  8907 | D:8      | Killed a hornet
  9404 | D:8      | Learned a level 3 spell: Swiftness
  9409 | D:8      | Learned a level 4 spell: Airstrike
  9991 | D:8      | Found a shimmering blue altar of Sif Muna.
 11271 | D:8      | Reached skill level 8 in Dodging
 11447 | D:8      | Reached XP level 10. HP: 63/63 MP: 4/21
 11568 | D:8      | Found a glowing golden altar of the Shining One.
 11576 | D:8      | Found a hide-covered altar of Uskayaw.
 11858 | D:8      | Reached ** piety under Qazlal
 12225 | D:9      | Found a staircase to the Orcish Mines.
 13164 | D:9      | Noticed a deep elf pyromancer
 13914 | Orc:1    | Entered Level 1 of the Orcish Mines
 14677 | D:9      | Noticed a cyclops
 14949 | D:8      | Reached skill level 5 in Invocations
 15319 | D:9      | Killed a cyclops
 15320 | D:9      | Reached skill level 9 in Dodging
 15623 | D:9      | Noticed a boulder beetle
 15983 | D:9      | Killed a deep elf pyromancer
 16047 | D:9      | Noticed a manticore
 16050 | D:9      | HP: 3/64 [manticore/volley of spikes (24)]
 16053 | D:9      | Succumbed to barbed spike wounds

Illustrated notes

Levels and vault maps discovered:
D:1:      lordsloth_arrival_two_stooges, layout_basic,
          hellmonk_ecumenical_altar_lost_god
D:2:      layout_basic
D:3:      layout_basic, ebering_ghost_disaster_area, grunt_decor_cap,
          uniq_jessica, uniq_natasha
D:4:      layout_basic, amcnicky_altar_gilded, ashenzari_conservatory_becter,
          uniq_edmund
D:5:      layout_loops_ring
D:6:      layout_loops_cross, fedhas_altar_4,
          minmay_temple_entry_statues_pillars, corexii_checkpoint_a,
          dk_noncrumbling_3
D:7:      layout_layer_cave, minivault_27, minmay_misc_feat_hallway
D:8:      layout_loops_ring, kennysheep_mini_moat,
          mainiacjoe_overflow_six_doors_small,
          mainiacjoe_overflow_concentric_impassable
D:9:      minmay_cut_squares, layout_grid_maze, dreamdust_mushroom_princess
Temple:   compressed_dpeg_triangle_lava_temple
Orc:1:    layout_diamond_mine, trog_butcher_becter, uniq_nergalle

Skill      XL: |  1  2  3  4  5  6  7  8  9 10 |
---------------+-------------------------------+-----
Conjurations   | 2 3 4 |  4.0
Fighting       | 1 2 3 4 5 7 8 |  8.0
Dodging        | 3 4 5 6 8 9 |  9.1
Spellcasting   | 3 4 5 7 8 |  8.3
Invocations    | 2 4 5 |  5.4
Stealth        | |  2.0
Air Magic      | |  4.1

Action                   |  1- 3 |  4- 6 |  7- 9 | 10-12 || total
-------------------------+-------+-------+-------+-------++-------
Melee: Dagger            |     7 |    19 |   110 |    53 ||   189
       Kick              |     4 |     5 |    32 |    19 ||    60
       Peck              |     1 |     3 |    28 |    14 ||    46
       Punch             |       |       |     1 |       ||     1
 Cast: Shock             |    71 |   113 |   193 |    86 ||   463
       Static Discharge  |       |       |    19 |    21 ||    40
       Airstrike         |       |       |     1 |     4 ||     5
  Use: Scroll            |     5 |     1 |    10 |     7 ||    23
       Potion            |       |       |    12 |     1 ||    13
Armor: Robe              |     1 |     4 |    19 |     7 ||    31
Dodge: Dodged            |     8 |    28 |   177 |    87 ||   300
Block: Other             |       |       |    46 |    37 ||    83
       Reflection        |       |       |     2 |     2 ||     4
